Map: Korhal Carnage Knockout LE

Players

capac - Winner!

  • Race: Terran Terran
  • League: Gold

A.I. 1 (Elite)

  • Race: Terran Terran

VOD

Have the link to the VOD?

Description

Time

  • Played on: May 3, 2016, 10:44 a.m.
  • Length: 11:59
Show
View Real Time Build Order
Export as new Build Order

capac Terran - Winner!

Build Orders: Reaper Expand, MMM Bio 

Get SALT Encoding   

  12  0:01  SCV  
  13  0:13  SCV  
  14  0:17  Supply Depot  
  14  0:25  SCV  
  15  0:39  Barracks, SCV  
  16  0:45  Refinery  
  16  0:51  SCV  
  17  1:03  SCV  
  18  1:15  SCV  
  19  1:28  Reaper  
  19  1:29  Orbital Command  
  20  1:42  Command Center  
  20  1:52  Supply Depot  
  20  1:56  SCV  
  20  2:00  Marine  
  22  2:09  Factory, SCV  
  23  2:19  Barracks  
  23  2:21  SCV  
  24  2:33  SCV  
  24  2:34  Refinery  
  24  2:36  Barracks Reactor  
  25  2:47  SCV  
  26  2:53  Factory Tech Lab  
  27  2:59  Orbital Command  
  27  3:01  SCV  
  27  3:09  Barracks Tech Lab  
  27  3:11  Barracks  
  27  3:13  SCV  
  27  3:17  Siege Tank  
  31  3:25  Marine x2  
  33  3:27  SCV x2  
  35  3:36  Starport  
  35  3:41  Refinery, SCV x2  
  35  3:42  Marine  
  35  3:47  Supply Depot  
  38  3:50  Marine x2  
  38  3:54  Stimpack  
  40  3:57  SCV  
  40  3:59  SCV  
  42  4:10  Marine x3  
  42  4:13  Medivac  
  47  4:23  SCV x2  
  49  4:24  Supply Depot  
  49  4:27  Marine  
  49  4:28  Marine  
  51  4:33  Barracks  
  51  4:34  Marine  
  52  4:38  SCV x2  
  52  4:40  Refinery  
  54  4:45  Siege Tank  
  54  4:46  Starport Reactor  
  54  4:47  Supply Depot  
  54  4:51  Marine  
  54  4:52  Marine  
  59  4:53  Marine  
  60  5:02  SCV  
  60  5:03  SCV  
  62  5:10  Supply Depot  
  62  5:11  Barracks Reactor  
  62  5:12  Marine x3  
  65  5:18  SCV x2  
  67  5:22  Supply Depot  
  67  5:25  Medivac  
  69  5:32  Medivac  
  69  5:33  Supply Depot  
  69  5:35  SCV x2  
  72  5:45  Marine x2  
  72  5:48  Barracks Reactor, Command Center  
  72  5:49  Marine x2  
  76  5:51  Marine  
  76  5:53  SCV  
  76  5:54  SCV  
  79  6:04  Medivac  
  79  6:05  SCV, Medivac  
  79  6:06  SCV  
  79  6:08  Siege Tank  
  88  6:15  Supply Depot  
  88  6:17  Combat Shields  
  88  6:24  Marine x5  
  88  6:25  Marine  
  94  6:34  Supply Depot  
  94  6:37  Marine  
  95  6:50  Marine x5  
  100  6:58  Supply Depot, Marine x2  
  100  7:00  Siege Tank  
  105  7:04  Supply Depot  
  105  7:07  Marine x2  
  105  7:08  Marine  
  85  7:41  Marine x5  
  85  7:42  Marine x2  
  85  7:43  Siege Tank  
  89  7:50  Supply Depot, SCV x2  
  91  7:51  Supply Depot  
  91  7:53  Orbital Command  
  91  7:59  Marine x6  
  91  8:00  Marine  
  91  8:03  Barracks  
  91  8:04  Starport  
  91  8:05  Factory  
  98  8:06  Medivac x2  
  98  8:07  Supply Depot  
  102  8:21  Marine x5  
  102  8:22  Liberator, Siege Tank  
  102  8:24  Supply Depot  
  110  8:32  Barracks  
  110  8:37  SCV x3  
  116  8:49  SCV  
  116  8:53  Refinery  
  105  9:36  Marine x4  
  105  9:37  Marine  
  105  9:38  Siege Tank  
  112  9:51  Marine x2  
  114  9:54  Marine x2  
  116  10:19  Marine x4  
  116  10:20  Marine x3  
  123  10:24  Factory Tech Lab  
  123  10:25  Starport Reactor  
  123  10:37  Marine x4  
Show
View Real Time Build Order
Export as new Build Order

A.I. 1 (Elite) Terran 

Build Orders: MMM Bio 

Get SALT Encoding   

  12  0:00  SCV  
  13  0:13  SCV  
  14  0:18  Supply Depot  
  14  0:25  SCV  
  15  0:29  Refinery  
  15  0:40  SCV  
  16  0:46  Barracks  
  16  0:52  SCV  
  17  1:04  SCV  
  18  1:16  SCV  
  19  1:33  Marine  
  19  1:36  Orbital Command  
  19  1:37  Factory  
  19  1:39  Supply Depot  
  20  1:47  Barracks  
  20  1:51  Marine  
  21  2:02  SCV  
  21  2:04  Refinery  
  22  2:09  Marine  
  22  2:14  SCV  
  24  2:21  Supply Depot, Factory Tech Lab  
  24  2:26  SCV  
  24  2:27  Marine  
  26  2:33  Marine  
  27  2:41  Siege Tank  
  30  2:45  SCV  
  30  2:47  Marine  
  30  2:51  Marine  
  32  2:57  Supply Depot  
  34  2:58  SCV  
  34  3:04  Marine  
  35  3:09  Marine  
  36  3:14  Siege Tank  
  36  3:19  SCV  
  40  3:22  Marine  
  40  3:27  Marine  
  41  3:30  Supply Depot  
  42  3:38  SCV  
  43  3:47  Siege Tank  
  46  4:02  SCV, Command Center  
  47  4:07  Barracks Tech Lab  
  47  4:09  Barracks Tech Lab  
  47  4:14  SCV  
  48  4:20  Supply Depot  
  48  4:26  Marauder, SCV  
  48  4:27  Marauder  
  53  4:37  Stimpack  
  53  4:46  Engineering Bay  
  53  4:47  Marine  
  53  4:48  Marauder  
  56  5:00  Combat Shields  
  56  5:06  Marauder  
  58  5:10  Supply Depot  
  58  5:12  Terran Infantry Armor Level 1  
  58  5:14  Marauder  
  58  5:17  SCV  
  61  5:22  SCV  
  62  5:29  SCV  
  62  5:30  Marauder  
  62  5:34  SCV  
  66  5:38  Marauder  
  66  5:42  SCV  
  69  5:46  SCV  
  69  5:51  Marauder  
  69  5:54  SCV  
  72  5:58  SCV  
  72  6:04  Siege Tank  
  76  6:06  Engineering Bay, SCV  
  76  6:10  Barracks, SCV  
  76  6:11  Supply Depot  
  78  6:17  Marine  
  78  6:18  Concussive Shells, SCV  
  80  6:19  Marine  
  80  6:22  SCV  
  82  6:30  SCV  
  82  6:32  Terran Infantry Weapons Level 1, Starport  
  83  6:35  Marauder  
  85  6:43  Command Center  
  85  6:54  Supply Depot, SCV x2  
  86  6:57  Barracks Reactor  
  86  7:00  Marauder  
  86  7:01  Marine  
  90  7:06  SCV  
  91  7:09  Medivac  
  91  7:12  Refinery  
  93  7:17  Supply Depot  
  93  7:18  Marine  
  93  7:21  Marauder  
  93  7:22  SCV  
  93  7:25  SCV  
  77  7:33  Marine x2  
  77  7:34  SCV  
  77  7:36  Marine  
  65  7:39  Medivac  
  65  7:42  Marine  
  66  7:50  Marine  
  67  7:52  Marine  
  67  7:55  Marauder  
  67  7:56  SCV  
  67  7:57  SCV  
  72  7:59  SCV  
  72  8:00  Marine  
  74  8:08  Marine, SCV  
  74  8:09  Marine, SCV  
  74  8:11  SCV  
  79  8:18  Marauder  
  81  8:20  Marine, SCV  
  81  8:22  SCV  
  81  8:24  SCV  
  85  8:27  Marine  
  85  8:33  SCV  
  88  8:34  SCV  
  88  8:36  SCV  
  88  8:38  Marauder  
  88  8:40  Marauder  
  93  8:45  SCV  
  93  8:46  SCV  
  93  8:48  SCV  
  96  8:50  Marine  
  96  8:54  Viking  
  98  8:57  Marine, SCV  
  98  8:58  SCV  
  98  9:00  SCV  
  98  9:02  Marine  
  99  9:04  Marine  
  99  9:08  Marine  
  99  9:09  SCV  
  97  9:11  Command Center  
  80  9:19  Marine  
  80  9:20  Marauder  
  80  9:21  Marine, SCV  
  76  9:24  Viking  
  76  9:26  Marine, SCV  
  76  9:28  SCV  
  67  9:33  SCV  
  67  9:37  Marine  
  67  9:38  SCV  
  61  9:41  Marine  
  61  9:43  Marine  
  55  9:53  SCV  
  55  9:54  Viking, Marine  
  51  10:01  Marine  
  42  10:10  SCV  
  42  10:12  Marine  
  43  10:16  SCV  
  43  10:18  SCV  
  43  10:19  Marine  
  43  10:23  SCV  
  43  10:28  SCV  
  45  10:30  SCV  
  45  10:35  SCV  
  37  10:49  Barracks  
  22  11:09  SCV  
  17  11:21  Barracks  
  13  11:34  SCV  
Tags
 
Add a new tag
Caveats
  • Supply blocks, unpowered buildings, or Contaminate may cause inaccurate times.
  • Supply counts are checked every 10 seconds.